 Dungeon Crawl Stone Soup version 0.21.1-1-g345015fe64 (webtiles) character file.

548 Gargoyl the Skirmisher (level 7, -5/59 HPs)
             Began as a Centaur Abyssal Knight on Mar 12, 2018.
             Was a Believer of Lugonu.
             Slain by an ogre
             ... wielding a +0 giant spiked club
              (28 damage)
             ... on level 4 of the Dungeon.
             The game lasted 00:06:02 (4548 turns).

Gargoyl the Skirmisher (Centaur Abyssal Knight)     Turns: 4548, Time: 00:06:03

Health: -5/59      AC: 10    Str: 14    XL:     7   Next: 7%
Magic:  9/9        EV:  4    Int: 11    God:    Lugonu [**....]
Gold:   227        SH:  0    Dex: 11    Spells: 6/6 levels left

rFire    . . .     SeeInvis .   a - +1 hand axe
rCold    + . .     Gourm    .   (no shield)
rNeg     . . .     Faith    .   n - +2 chain mail {rC+}
rPois    .         Spirit   .   (no helmet)
rElec    .         Reflect  .   (no cloak)
rCorr    .         Harm     .   (no gloves)
MR       .....                  (no barding)
Stlth    ..........             (no amulet)
HPRegen  0.19/turn              (no ring)
MPRegen  0.11/turn              (no ring)

@: very quick
A: large, hooves 3, deformed body, speed 2, tough skin 3
a: Depart the Abyss, Bend Space, Renounce Religion


You were on level 4 of the Dungeon.
You worshipped Lugonu.
Lugonu was pleased with you.
You were not hungry.

You visited 1 branch of the dungeon, and saw 4 of its levels.
You visited the Abyss 1 time.

You collected 227 gold pieces.

Inventory:

Hand Weapons
 a - a +1 hand axe (weapon)
 d - a +1 triple crossbow
Armour
 n - a +2 chain mail of cold resistance (worn)
Jewellery
 b - an uncursed amulet of guardian spirit {unknown}
Scrolls
 e - a scroll of fear
 f - 3 scrolls of remove curse
Potions
 g - a potion of might {unknown}
 h - a potion of mutation {unknown}
 i - a potion of agility
 j - a potion of heal wounds
 k - a potion of magic {unknown}
 l - a potion of cancellation {unknown}
 m - a potion of lignification {unknown}
 p - a potion of haste {unknown}
Comestibles
 c - 2 rations
 o - a chunk of flesh


   Skills:
 + Level 4.3 Fighting
 + Level 3.6 Axes
 * Level 3.9 Armour
 + Level 1.3 Dodging
 * Level 3.5 Invocations


You had 6 spell levels left.
You didn't know any spells.

Dungeon Overview and Level Annotations

Branches:
Dungeon (4/15)
 Temple: D:4-7

Altars:


Innate Abilities, Weirdness & Mutations

You have hooves in place of feet.
Armour fits poorly on your strangely shaped body.
You cover ground very quickly.
You have extremely tough skin. (AC +3)


Message History

You feel sick.
You climb upwards.
There is a stone staircase leading down here.
You start resting.
You feel sick. x2
You are no longer poisoned.
You start resting.
Eating one of 2 chunks of flesh.
You eat one of the 2 chunks of flesh.
This raw flesh tastes terrible.
HP restored.
You climb downwards.
The ogre hits you with a giant spiked club!!
There is a stone staircase leading up here.
You hit the ogre. You kick the ogre!
The ogre is heavily wounded.
The ogre hits you with a giant spiked club!!
You hit the ogre.
The ogre is severely wounded.
The ogre hits you with a giant spiked club!!
You die...

#.#.. #.#.#.# #
#.#.#.# #. #.#.#.#
#.. #.#.#.# #...
#.#<..####
#....#.#......#
#...........#.###.
.......@O.........
.......#<...#####.
.#.#..###.#####
............#
..#....##.###.# .
#... #.# #..
#†###+### ..
#.l...%l. .
#........


You could see an ogre.

Vanquished Creatures
  Grinder (D:3)
  A wyvern zombie (D:3)
  A crimson imp (D:3)
  Natasha (D:4)
  Terence (D:2)
  A worker ant (D:4)
  A gnoll (D:1)
  9 adders
  2 oozes
  A worm (D:3)
  2 leopard geckos (D:3)
  3 orcs (D:3)
  6 giant cockroaches
  3 goblins (D:2)
  4 hobgoblins
  5 jackals
  A quokka (D:3)
  A ball python (D:1)
  9 bats
  5 frilled lizards
  8 kobolds
  6 rats
72 creatures vanquished.

Notes
Turn   | Place    | Note
-------+----------+-------------------------------------------
     0 | Abyss:1  | Gargoyl the Centaur Abyssal Knight began the quest for the Orb.
     0 | Abyss:1  | Reached XP level 1. HP: 19/19 MP: 2/2
    73 | Abyss:1  | Found a corrupted altar of Lugonu.
   125 | Abyss:1  | Noticed an ancient zyme
   185 | D:1      | Escaped the Abyss
   597 | D:1      | Reached * piety under Lugonu
   948 | D:1      | Reached XP level 2. HP: 22/26 MP: 3/3
  1652 | D:2      | Reached XP level 3. HP: 29/31 MP: 4/4
  1755 | D:2      | Reached skill level 1 in Dodging
  1940 | D:2      | Noticed Terence
  1951 | D:2      | Killed Terence
  1951 | D:2      | Reached XP level 4. HP: 28/40 MP: 5/5
  2981 | D:3      | Reached ** piety under Lugonu
  2981 | D:3      | Reached XP level 5. HP: 39/46 MP: 6/6
  3101 | D:3      | Reached skill level 4 in Fighting
  3195 | D:3      | Reached XP level 6. HP: 21/52 MP: 8/8
  3758 | D:3      | Noticed Grinder
  3763 | D:3      | Paralysed by Grinder for 7 turns
  3778 | D:3      | Paralysed by Grinder for 4 turns
  3798 | D:3      | Killed Grinder
  4337 | D:4      | Noticed Natasha
  4349 | D:4      | Killed Natasha
  4349 | D:4      | Reached XP level 7. HP: 42/59 MP: 9/9
  4548 | D:4      | Slain by an ogre

Skill      XL: |  1  2  3  4  5  6 |
---------------+-------------------+-----
Axes           | 2 3 |  3.6
Dodging        | 1 |  1.3
Armour         | 2 3 |  3.9
Fighting       | 4 |  4.3
Invocations    | 3 |  3.5

Action                   |  1- 3 |  4- 6 |  7- 9 || total
-------------------------+-------+-------+-------++-------
Melee: Hand axe          |    69 |   248 |    11 ||   328
       Kick              |    11 |    53 |     3 ||    67
Invok: Depart the Abyss  |     1 |       |       ||     1
  Use: Scroll            |     1 |     5 |       ||     6
       Potion            |       |     2 |       ||     2
  Eat: Chunk             |     2 |     7 |     1 ||    10
Armor: Chain mail        |    55 |   221 |     7 ||   283
       Leather armour    |     4 |       |       ||     4
Dodge: Dodged            |    26 |    62 |     2 ||    90
